[Event "44th Chess Olympiad Open 2022"]
[Site "Chennai"]
[Date "2022.08.03"]
[Round "6.14"]
[White "Christiansen, Johan-Sebastian"]
[Black "Tan, Justin"]
[Result "1/2-1/2"]
[WhiteElo "2593"]
[BlackElo "2508"]
[Annotator "TA"]
[PlyCount "99"]
[EventDate "2022.??.??"]
[TimeControl "60"]

1. e4 {[%emt 0:00:04] Krasenkow,Michal} e5 2.
Nf3 Nf6 3. Nxe5 d6 4. Nf3 Nxe4 5. Bd3 Nf6 6. O-O {[%emt 0:00:10] C42: Petroff Defence: 3 Nxe5 and
unusual White 3rd moves.} Be7 7. Re1 O-O 8. Bf1 Re8 9. d4 c6 10. c4 {[%emt 0:01:16] [#]} d5 $146 (
{Predecessor:} 10... Nbd7 11. Nc3 Nf8 12. h3 d5 13. Qb3 Qb6 14. cxd5 Qxb3 15.
axb3 Nxd5 16. Nxd5 cxd5 {1-0 (45) Praggnanandhaa,R (2608)-Krasenkow,M (2591)
Krasnaya Polyana 2021 CBM 203 [Krasenkow,Michal]}) 11. Nc3 Be6 12. Qb3 dxc4 (12... Qb6 $11
{keeps the balance.}) 13. Qxb7 $16 (13. Bxc4 Bxc4 14. Qxc4
Nbd7 $11) 13... Qb6 14. Qxa8 Nbd7 15. Qxe8+ Nxe8 16. Bxc4 Bxc4 17. Rxe7 Qd8 18.
Re1 (18. Bg5 Nef6 19. Bxf6 gxf6 $16) 18... h6 19. d5 Bxd5 20. Nxd5 cxd5 21. Be3 a6 22. Red1 Ndf6 23. Bd4 {[%emt 0:04:54] White is much more
active.} Nd6 24. Bxf6 (24. Rac1 $16) 24...
Qxf6 $14 25. Rxd5 {[%emt 0:01:03] aiming for Rd4.} Qxb2 26. Re1 Qa3 27. h4 g6 28. h5 gxh5 29.
Rxh5 Qxa2 30. Rxh6 Qa3 31. Rd1 Ne4 32. Rh4 Nf6 {[%emt 0:01:29] [#]} (32... Nc5 $16 33. Ng5 Kg7) 33. Rf4 $1 $18 Qc3 34. Rdd4 Kg7 (34... Qc6 $16 35. g3 Qb6) 35. Kh2 Qc7 {[%emt 0:02:44]
[%cal Yf6d5] ...Nd5! is the strong threat.} 36. g3 Nh5 $2 (36... Ng8 37. Rc4 Qb6) 37. Rf5 Qc2 38. Rg4+ (38. Rg5+ $142 Kf8 39. Rd8+ Ke7 40. Rd2)
38... Kf8 39. Nd4 Qd2 (39...
Qa2 {was worth a try.} 40. Rh4 (40. Rxh5 Qxf2+ 41. Kh1 Qf1+ 42. Kh2 Qf2+ 43.
Kh3 Qf1+ 44. Kh4 Qf6+ 45. Rhg5 Qh6+ 46. Rh5 Qf6+ 47. Kh3 Qf1+ 48. Kh2 Qf2+ $11)
40... Ng7 41. Rh8+ Ke7) 40. Re4 ({And not} 40. Rxh5 Qxf2+ 41.
Kh1 (41. Kh3 Qf1+ 42. Kh2 Qf2+ 43. Kh3 Qf1+ 44. Kh4 Qf6+ 45. Rhg5 Qh8+ 46. Rh5
Qf6+ 47. Kh3 Qf1+ $11) 41... Qf1+ 42. Kh2 Qf2+ 43. Kh3 Qf1+ 44. Kh4 Qf6+ 45.
Rhg5 (45. Kh3 Qf1+ 46. Kh2 Qf2+ $11) 45... Qh8+ 46. Rh5 Qf6+ 47. Rhg5 (47. Kh3
Qf1+ 48. Kh2 Qf2+ $11) 47... Qh8+ 48. Rh5 Qf6+ $11) (40. Ne6+ $142 Ke7 41. Ng5
(41. Rd4 Qc2 $11)) 40... Ng7 41. Rf3 a5 42. Ref4 Kg8 43. Nc6 {
[%emt 0:05:18] [#] Threatens to win with Ne7+.} f5 (43... Qd6
$142) 44. Ne7+ Kf8 45. Nxf5 Ne6 46. Rg4 ({White should play} 46. Rc4 $18
Ng5 47. Rc8+ Kf7 48. Rf4) 46... Ng5 $1 $11 {[%emt 0:00:35] The position is
equal.} 47. Rff4 Ne6 48. Rf3 Ng5 $1 49. Rff4 Ne6 50. Rf3
{[%emt 0:00:04] Weighted Error Value: White=0.26 (precise) /Black=0.24 
(precise)} 1/2-1/2

[Event "44th Chess Olympiad Open 2022"]
[Site "Chennai"]
[Date "2022.08.03"]
[Round "6.14"]
[White "Cheng, Bobby"]
[Black "Hammer, Jon Ludvig"]
[Result "1-0"]
[WhiteElo "2540"]
[BlackElo "2638"]
[Annotator "TA"]
[PlyCount "76"]
[EventDate "2022.??.??"]
[TimeControl "60"]

1. d4 Nf6 2. c4 e6 3. Nf3 d5 4. g3 Bb4+ 5. Bd2 Be7 6. Bg2 O-O 7. O-O c6 8. Qc2 Nbd7 9. Nc3 dxc4 {[%emt 0:
00:00] E11: Bogo-Indian.} 10. a4 {[%emt 0:01:26] Against b5} a5 11. e4 {[%emt 0:03:26] [#]} h6 $5 $146 {[%emt 0:01:30] New and interesting.}
(11... e5 $1 $15) ({Predecessor:} 11... e5 12. dxe5 Ng4 13. e6 fxe6 14. h3 Nge5
15. Nd4 Nc5 16. Be3 Qb6 17. Nce2 Qb4 18. Bd2 Qb6 19. Be3 Qb4 20. Bd2 Qb6 {
½-½ (20) Kelires,A (2530)-Kuljasevic,D (2545) Rio Achaea 2018}) 12. h3 b6 13. Rfe1 Bb7 14. Rad1 Re8 15. Bf4 Bb4 16. g4 Qe7 17. g5 Nh5 18. Be3 hxg5 19. Bxg5 f6 20. Be3 e5 21. Kh1 Qf7 22. Rg1 Kh8 23. Qe2 (23. Bf1 $1 $11)
23... exd4 24. Nxd4 Ne5 {[%emt 0:01:01]
Strongly threatening ...g5.} (24... g5 $5 25. Nf5 Ne5 $17) 25.
Nf5 (25. Bf3 $15 Nxf3 26. Qxf3) 25... g6 26.
Nd6 Bxd6 27. Rxd6 Qc7 28. Rd2 Re7 29. Rgd1 (29. Bf3 $15) 29... Rg8 ({Weaker is} 29... Nd3
30. b3 $15) 30. Bd4 (30. Kg1 $142) 30... Rh7 (30... Nd3 $17 {...Rh7 is the strong threat.} 31. b3 c5) 31. Bxe5 $11 fxe5 $40 {[%emt 0:01:20] White needs to defend precisely.} 32. Qxc4 Nf4 {[%emt 0:05:18] aiming for ...Bc8.} 33. Ne2 $1 Nxg2 ({Much less strong is} 33... Nxh3 34. Qxg8+ $3 Kxg8
35. Rd8+ Qxd8 36. Rxd8+ Kg7 37. Rd7+ Kg8 38. Rxh7 Nxf2+ 39. Kg1 Kxh7 40. Kxf2
$18) 34. Kxg2 Bc8 {[%emt 0:00:41] Inhibits Qe6.} 35. Ng1 Qe7 {[%emt 0:00:41] And now ...Qg5+ would win.} (35... g5 $5 ) 36. Rd3 g5 37. Rg3 g4 38. Kf1 $2 {[%emt 0:11:59] [#]} (
38. Qxc6 $11 Bb7 39. Qxb6) 38... Rf8 {[%emt 0:00:00] Weighted Error Value:
White=0.31/Black=0.26 (precise) . Loss on time!?} (38... Qf6 $1 $17 39. Qd3 Rf7
) 1-0

[Event "44th Chess Olympiad Open 2022"]
[Site "Chennai"]
[Date "2022.08.03"]
[Round "6.15"]
[White "Guseinov, Gadir"]
[Black "Druska, Juraj"]
[Result "1-0"]
[WhiteElo "2668"]
[BlackElo "2519"]
[Annotator "TA"]
[PlyCount "83"]
[EventDate "2022.??.??"]
[TimeControl "60"]

1. e4 e6 2. d4 d5 3. e5 c5 4. c3 Nc6 5. Nf3 Qb6 6. Be2 cxd4 7. cxd4 Nh6 8. Bxh6 $1 {[%emt 0:01:06] Black must
now prevent Bc1. is currently scoring better than 8.Nc3.} Qxb2 {[%emt 0:00:00]
C02: French: Advance Variation.} 9. Nc3 Qxc3+ $15 10. Bd2 Qa3 {[%emt 0:00:06] Black is slightly better.}
11. Rb1 Qxa2 12. O-O a6 {
[%emt 0:00:08] Prevents Bb5.} 13. Bd3 Qa3 $1 14. Qc2 Qe7 $1 {[%emt 0:18:45] [#]} 15. Ng5 $146 ({Predecessor:} 15. Bxh7 g6 16. Ng5 Kd7 17. Rfc1 Kd8 18. Rb6 Ra7 19. Ba5
Ke8 20. Nxf7 Qh4 21. Qxg6 Kd7 22. Nxh8 Qf4 23. Qc2 Bh6 24. Rxc6 {1-0 (24)
Tsydypov,Z (2520)-Zasukhin,V (2252) Ekaterinburg 2018}) 15... g6 16. h4 Bg7 (16... Nxd4 $17 17. Qa4+ Nc6)
17. Nf3 O-O 18. h5 $1 a5 19. Rfc1 (19. h6 $5 Bh8 20. Bc1
$15) 19... f6 20. h6 Bh8 21. Bxg6 $1 fxe5 $2 {
[%emt 0:00:57] [#]} (21... a4 $11) 22. Ng5 $1 $18 Bf6 23. Nxh7 (23. Bxh7+ Kh8 24. Qg6 exd4 $17)
23... e4 24. Nxf8 {[%emt 0:00:00] Really sharp!}
Qxf8 25. Be3 Kh8 (25... Ne7
$142) 26. Qd1 e5 (26... Qe7 $142 27. Qh5 a4)
27. dxe5 Nxe5 {[%emt 0:00:07] [#]} 28. Qxd5 $1 {[%emt 0:01:29]
[%cal Yb1b6] aiming for Rb6!} Nxg6 29. Qxe4 Ne7 30. Rb5 {[%emt 0:01:44] Prevents Bf5. Rc7 is the strong
threat.} (30. Rc7 Bf5 31. Qxb7 Bxb1 32. Qxb1 Rd8 $15) 30... Ra6 31. Rbc5 ({Weaker is} 31. Rc7 Qd8 32. Bf4 Re6 $11) (31. Bg5
$1 $18) 31... Rc6 (31... Rd6 $16) 32. Rd1 $2 ({Not} 32. Rxa5 Qd8 33. Rac5 Rd6 $16) ({White has to play} 32. g4 $1 $18 ) 32... Re6 $1 $14 33. Qf3 {[%emt 0:00:20] And
now Rc7 would win. White has compensation.} b6 $2 (33... Nc6
$11 {and Black has nothing to worry.}) 34. Rc7 $18 Re5 {
[%emt 0:00:48] [#]} (34... Kh7 $18 35. Bg5 Kg6) 35. Rd6 (35.
Rd8 $142 $3 Kh7 36. Rxf8 Rf5 37. Rxf6 Rxf3 38. Rxe7+ Kg8 39. h7+ Kh8 40. Rxf3
Bg4 41. Rf8#) 35... Ng8 {[%emt 0:00:32] [#] White is clearly winning.} 36. h7
$1 Qxd6 37. hxg8=Q+ ({
And not} 37. Rxc8 Kxh7 38. Qh3+ Kg7 39. Qg3+ Bg5 40. Bxg5 Re1+ 41. Kh2 Qxg3+
42. Kxg3 Nf6 $11) 37... Kxg8 38. Rxc8+ Kf7 {
[%emt 0:00:26] [#]} 39. Rc6 $1 Qd8 40. Rxb6 a4 41. Ra6 Ra5 42. Bb6 {[%emt 0:00:30] Weighted Error Value: White=0.57/Black=0.89} 1-0

[Event "44th Chess Olympiad Open 2022"]
[Site "Chennai"]
[Date "2022.08.03"]
[Round "6.15"]
[White "Abasov, Nijat"]
[Black "Ftacnik, Lubomir"]
[Result "1-0"]
[WhiteElo "2633"]
[BlackElo "2483"]
[Annotator "TA"]
[PlyCount "101"]
[EventDate "2022.??.??"]
[TimeControl "60"]

1. d4 Nf6 2. c4 g6 3. Nc3 d5 4. Nf3 Bg7 5. Qb3 dxc4 6. Qxc4 Be6 7. Qb5+ {[%emt 0:06:46] 7.Qa4+ is the fancy move. D96: Grünfeld: Russian
System (5 Qb3): sidelines.} Bd7 8. Qd3 $5 {[%emt 0:01:23] An
interesting side line.} (8. Qxb7 $14 Bc6 9. Qb3) 8... c5 9. d5
{[%emt 0:02:47] The position is equal.} O-O 10. e4 e6 {[%emt 0:03:41] [#]} 11. d6 $146 (11. dxe6 $11 Bxe6
12. Qxd8 Rxd8 13. Ng5) ({Predecessor:} 11. Be2 exd5 12. exd5 Bf5 13. Qc4 Nbd7
14. O-O Re8 15. Rd1 Nb6 16. Qb3 Rc8 17. Be3 {0-1 (39) Syvalahti,T (2172)-Kanep,
M (2456) Finland 2018}) 11... Nc6 $15 12. Be2 b5 ({Black should play} 12... Qb6 $17 {next ...Nd4 is good
for Black.} 13. Be3 Ng4) 13. O-O $11 (13. Nxb5 Nb4 14. Qb1
Bxb5 15. Bxb5 Qa5 $17) 13... b4 14. Nb1 Ng4 (14... Rc8 $5 ) 15. Nbd2 Nge5 16. Nxe5 Nxe5 17. Qg3 Nc6 18. Nc4 Nd4 19. Bd3 Bb5 20. e5 Nf5 21. Qf4 f6 (21... Nd4 $11 {
feels stronger.}) 22. Bxf5 $14 gxf5 23. Re1 Rc8 24. b3 {[%emt 0:00:00] Strongly
threatening Bb2.} fxe5 25. Nxe5 Qxd6 {
[%emt 0:00:05] Threatens to win with ...Rfd8.} 26. Qg3 $1 Qc7 27. Bg5 (27. h4 $14) 27... Bc6 (27... c4 $11) 28. Bf4 Qb7 29. Nc4 (29. Rac1 $16) 29... Qd7 (29... Rf6
$11 {keeps the balance.} 30. Ne5 Rff8) 30. Ne5 Qb7 31. Nxc6 ({White should try} 31. Rac1 $16) 31... Rxc6 32. Rad1 Qf7 33. h3 {
[%emt 0:02:39] White has compensation.} Re8 34. Be5 Rcc8 35. Rd6 Rcd8 36. Red1 {[%emt 0:00:13] White is much more active.} Rxd6 37.
Rxd6 Qg6 {[%emt 0:00:33] [#]} 38. Qe3 Qh6 {
[%emt 0:02:51] This costs Black the game.} (38... Bxe5 $16 {is a better
defense.} 39. Qxe5 Qg7) 39. Qxc5 $18 ({Don't do} 39. Rd7 Bf8
$16) 39... Bxe5 40. Qxe5 {[%emt 0:00:08] Endgame KQR-KQR} Qc1+ 41. Kh2 Qc3 42. Qb5 Re7 {[%emt 0:05:49] [#]} (42... Kf7 $16 43. Qe2 (43. Qd7+ Re7
$16) 43... Qc7) 43. Rd3 $1 Qe1 (43... Qc8 44.
Qxb4 Qc7+ 45. g3 Kf7) 44. Qb8+ Kf7 45. Rg3 {
[%emt 0:00:00] White threatens Qg8+ and mate.} e5 46. Qg8+ {
[%emt 0:00:00] White mates.} Kf6 47. Qg5+ Ke6 48. Qh6+ Kd7 49. Rd3+ Ke8 50. Qh5+ Rf7 51. Qg5 {[%emt 0:00:00] Weighted Error Value: White=0.16 (very precise) /
Black=0.35} 1-0

[Event "44th Chess Olympiad Open 2022"]
[Site "Chennai"]
[Date "2022.08.03"]
[Round "6.15"]
[White "Gazik, Viktor"]
[Black "Mamedyarov, Shakhriyar"]
[Result "0-1"]
[WhiteElo "2544"]
[BlackElo "2759"]
[Annotator "TA"]
[PlyCount "92"]
[EventDate "2022.??.??"]
[TimeControl "60"]

1. e4 e5 2. Nf3 Nc6 3. d4 exd4 4. Nxd4 Nf6 5. Nxc6 bxc6 6. Bd3 d5 7. exd5 cxd5 8. O-O Be7 9. c4 O-O $1 {[%emt 0:00:00] The
main line 9...0-0 scores better than 9...d4.} 10. Nc3 {[%emt 0:00:05] C45:
Scotch Game.} Bb7 (10... d4 $5 11. Ne4 Ng4 $11)
11. Qb3 Rb8 12. cxd5 {[%emt 0:00:42] White
has an edge.} Bxd5 13. Qc2 Ba8 {[%emt 0:00:
06] [#]} (13... Bc6 {is interesting.} 14. Re1 Bd6 15. h3 Re8) 14. Be3 $146 ({Predecessor:} 14. Re1 Re8 15. Be3 Qc8 16. f3 Qb7 17. Re2 Bd6
18. Ne4 Nxe4 19. Bxe4 Qb5 20. Bxa7 Bxe4 21. fxe4 {1-0 (34) Pechac, J (2544)
-Nikolov,M (2522) Thessaloniki 2021}) 14... Bd6 15. f3 {
[%emt 0:29:31] Prevents Ng4.} a5 16. Rad1 h6 17. Rfe1 (17. Ba7 $14) 17... Re8 18. Bc4 Nd7 {[%emt 0:07:05] White must now prevent ...
Qh4.} 19. Qf5 ({Avoid the trap} 19. Qg6 $2 Ne5
20. Bxf7+ Nxf7 $19) 19... Ne5 20. Bb3 Qd7 21. Qxd7 Nxd7 22. Ba7 Rxe1+ 23. Rxe1 Rc8 24. Nb5 Bf8 25. Bf2 c6 26. Nd4 Nc5 27. Bc4 {
[%emt 0:00:17] Inhibits Nd3.} Na4 28. b3 Nc3
{[%emt 0:05:52] [#]} (28... Nb6 $1 $14) 29. Nf5 ({White
should try} 29. Ne6 $1 $16 ) 29... Nd5 $14 30.
Bd4 {[%emt 0:02:07][%cal Yd4g7] And now Bxg7! would win.} Kh7 31. Kf2 Bb7 32. h4 Rd8 33. Bxd5 Rxd5 34. Re8 Bb4 35. g4 c5 36. Be3 Rd1 37. Re7 (37.
Re5 $11 {deserves consideration.}) 37... Bd5 $17 38. Bf4 {
[%emt 0:00:52] Loses the game.} ({White should play} 38. Re5 $15) 38... c4 $19 39. Rc7 cxb3 40. axb3 {
[%emt 0:00:02] [#]} Rd3 $1 ({Not} 40... Bxb3 41. Be5 $17) 41.
Be5 (41. Be3 {might work better.} Rxb3 42. Nd4 Rb2+ 43. Rc2
Rxc2+ 44. Nxc2) 41... Rxf3+ 42. Ke2 Rxb3 43. Nxg7 Rb1 {[%emt 0:05:50] Strongly
threatening ...Re1+.} 44. Bf6 Re1+ 45. Kf2 Re4 46. g5 Be1+ {[%emt 0:00:
00] Weighted Error Value: White=0.25 (precise) /Black=0.08 (flawless)} 0-1

[Event "44th Chess Olympiad Open 2022"]
[Site "Chennai"]
[Date "2022.08.03"]
[Round "6.15"]
[White "Repka, Christopher"]
[Black "Durarbayli, Vasif"]
[Result "1-0"]
[WhiteElo "2516"]
[BlackElo "2638"]
[Annotator "TA"]
[PlyCount "69"]
[EventDate "2022.??.??"]
[TimeControl "60"]

1. d4 d5 2. c4 c6 3. Nf3 Nf6 4. Nc3 e6 5. Qc2 dxc4 6. a4
{[%emt 0:00:05] Against b5. D43: Semi-Slav: 5 Bg5 h6.} c5 7.
dxc5 Na6 8. e4 {[%emt 0:00:07] The position
is equal.} Nb4 9. Qb1 Bxc5 {[%emt 0:02:46]
Threatens to win with ...Ng4.} 10. Bxc4 {[%emt 0:00:05] [#]} Bd7 $146 ({Predecessor:} 10... e5 11. O-O O-O 12. Bg5 h6 13. Bh4 Qe7 14. Qd1 Rd8
15. Qb3 g5 16. Bg3 Nc6 {½-½ (23) Sutkus,V (2418)-Roze,A (2516) ICCF email
2015}) 11. O-O Bc6 12. e5 Nfd5 13. Ne4 Be7 14. Bg5 O-O 15. Ra3 Rc8 (15... Nb6 $15 {keeps the upper hand.} 16. Bxe7 Qxe7) 16. Bxe7 $1 $16 Nxe7 17. Nd6 $40 {[%emt 0:01:45] Black needs
to defend precisely. White is more active.} (17. Neg5 $6 Ng6 18. Rc1 Qe7 $11)
17... Rc7 $2 {[%emt 0:01:38] [#] Loses the game.} ({Better is} 17... Bxf3 $14
18. Rxf3 Rc6) 18. Ng5 $1 $18 Ng6 {
[%emt 0:04:45] [#]} 19. Nxe6 fxe6 20. Bxe6+ Rff7 21. Nxf7 ({Less strong
is} 21. Bxf7+ Rxf7 22. Nxf7 Kxf7 23. Qf5+ Kg8 24. Qe6+ Kh8 $18) 21... Rxf7 22. Qf5 Qc7 23. Rd1 {[%emt 0:
03:19] Against Nd5. Dancing on a razor blade.} ({But not} 23. Bxf7+ Qxf7 24.
Qxf7+ Kxf7 $18) 23... Nf8 24. Qxf7+ ({
Weaker is} 24. Rd7 Qxd7 25. Bxd7 Rxf5 26. Bxf5 a5 $14) 24... Qxf7 25. Bxf7+ Kxf7 26. a5 Ne6 (26... Ng6 $142 27. f4 Nd5) 27. Rd6 a6 28. Rc3 Nf4 29. Rc4 Nbd3 30. Rcxc6 bxc6 31. Rxc6 Nxb2 $2 (31... Nb4
32. Rc7+ Kf8) 32. Rxa6 {[%emt 0:00:17] White is clearly winning.} Nc4 33. Ra7+ Kg6 34. a6 {[%emt 0:00:27]
aiming for Rc7.} Nxe5 35. Rb7 {[%emt 0:00:03] Weighted Error
Value: White=0.09 (flawless) /Black=0.44} 1-0

[Event "44th Chess Olympiad Open 2022"]
[Site "Chennai"]
[Date "2022.08.03"]
[Round "6.16"]
[White "Korobov, Anton"]
[Black "Peralta, Fernando"]
[Result "1/2-1/2"]
[WhiteElo "2692"]
[BlackElo "2591"]
[Annotator "TA"]
[PlyCount "121"]
[EventDate "2022.??.??"]
[TimeControl "60"]

1. d4 Nf6 2. c4 e6 3. Nf3 b6 4. g3 Bb7 5. Bg2 Bb4+ 6. Bd2 a5 7. O-O O-O 8. Nc3 d6 9. Qc2 Nbd7 10. Rfe1 {[%emt 0:01:08] E16: Queen's
Indian: 4 g3 Bb7 5 Bg2 Bb4+.} Bxc3 11. Bxc3 Be4 12. Qa4 {[%emt 0:01:45] [#]} Qb8 $5 $146 {[%emt 0:17:35]
New and interesting.} ({Predecessor:} 12... c5 13. Rad1 Qc7 14. Bh3 b5 15. cxb5
Nb6 16. Qa3 Bc2 17. dxc5 Nc4 18. cxd6 Qb6 {½-½ (47) Ivanisevic,I (2574)
-Indjic,A (2599) Valjevo 2018}) 13. Nh4 {[%emt 0:10:05] [#] Strongly
threatening Bxe4.} Bxg2 (13... Rd8 {is more complex.} 14. f3
Bb7 15. d5 exd5 16. Nf5 dxc4 17. Qxc4 Re8) 14. Nxg2 Qb7 15. e4 e5 16. f3 c6 17. Qc2 b5 18. b3 a4 19. Rad1 Rfb8 20. c5 (20. b4 {is interesting.} exd4 21. Bxd4 bxc4 22.
Qxc4 d5 23. Qc1) 20... exd4 21. Bxd4 dxc5 22. Bxc5 axb3 23. axb3 Nxc5 24. Qxc5 Nd7 25. Qd4 Nf8 26. Nf4 Rd8 27. Qc5 (27. Qxd8 $2 Rxd8 28. Nh3 Qa7+
29. Nf2 Ra8 $19) 27... Rd7 28. e5 Re8 29. Kg2 Qc7 30. Rd6 Rxe5 31. Rxd7 $1 Nxd7 (31... Rxc5 $2 32. Rxc7 g6 33. Re8 $18) 32. Rxe5 Qxe5 33. Qxc6 $11 {[%emt 0:00:15] Endgame KQN-KQN} Nf8 34. Qd5 Qb2+ 35. Kh3 Qc3 36. Nd3 Qc8+ 37. g4 Qe8 38. Kg3 Ng6 39. h4 Qb8+ 40. Kh3 h6 41. h5 Nf4+ 42. Nxf4 Qxf4 {[%emt 0:00:03] KQ-KQ} 43. Kg2 Qb8 44. b4 Qe8 45. Kf2 Kf8 46. f4 Kg8 47.
Kf3 Qb8 48. Ke4 Qb6 49. Qd7 Qg1 (49... Qb8 $11 {
remains equal.}) 50. Qc8+ (50. Qxb5 Qe1+ 51. Kd5 (51. Kf3 Qh1+
52. Kf2 Qh2+ 53. Kf3 Qh1+ 54. Kf2 Qh4+ 55. Ke3 Qe1+ 56. Kd4 Qg1+ 57. Ke5 Qe3+
58. Kd5 Qd2+ 59. Kc5 Qf2+ 60. Kc6 Qxf4 $14) 51... Qd2+ 52. Kc5 (52. Ke4 Qg2+
53. Kf5 Qc2+ 54. Ke5 Qb2+ 55. Kd5 Qg2+ 56. Ke5 Qb2+ 57. Kd5 Qg2+ 58. Kc5 Qg1+
59. Kd6 Qd4+ 60. Kc6 Qxf4 $14) 52... Qe3+ 53. Kc6 Qxf4 $14) (50. Kd5 $16) 50...
Kh7 51. Qf5+ Kg8 (51... Kh8
$1 $11) 52. Kd5 ({White should play} 52. Qxb5 $16 Qe1+ 53. Kd5
(53. Kf3 Qh1+ 54. Kf2 Qh2+ 55. Ke3 Qg3+ 56. Ke4 Qe1+ 57. Kd5 Qd1+ 58. Ke5 Qe1+
59. Kd6 Qd2+ 60. Kc7 Qxf4+ 61. Kb7 Qxg4 $14)) 52... Qc1 {[%emt 0:00:47] [#] ...
Qc4+ is the strong threat. The position is equal.} 53. Qe4 {[%emt 0:00:00]
Prevents Qc4+.} Qc8 $1 {[%emt 0:00:46] Against Qe8+} 54. Kd6 Qc4 55. Qxc4 bxc4 {[%emt 0:00:03] KP-KP} 56.
b5 {[%emt 0:00:04] White threatens b6 and mate.} c3 {[%emt 0:00:02] ( -> ...c2)
} 57. b6 {[%emt 0:00:05] Threatening mate with b7.} c2 58. b7 c1=Q 59. b8=Q+ Kh7 60. Ke7 f6 61. Ke6 {[%emt 0:01:03]
Weighted Error Value: White=0.09 (flawless) /Black=0.08 (flawless)} 1/2-1/2

[Event "44th Chess Olympiad Open 2022"]
[Site "Chennai"]
[Date "2022.08.03"]
[Round "6.16"]
[White "Shevchenko, Kirill"]
[Black "Tristan, Leonardo"]
[Result "1-0"]
[WhiteElo "2654"]
[BlackElo "2558"]
[Annotator "TA"]
[PlyCount "85"]
[EventDate "2022.??.??"]
[TimeControl "60"]

1. c4 e6 2. Nc3 d5 3. d4 h6 4. Nf3 Nf6 5. g3 Bd6 6. Bg2 {[%emt 0:01:08] D37: Queen's Gambit Declined: 5 Bf4.}
O-O 7. O-O Nc6 8. b3 {
[%emt 0:09:59] White has an edge.} dxc4 9. bxc4 e5 10. d5 Ne7 (10...
Na5 $11) 11. Nd2 $14 {[%emt 0:05:03] [#]} Ng6 $146 ({
Predecessor:} 11... b6 12. Qa4 Nh7 13. Nde4 f5 14. Nxd6 cxd6 15. Ba3 Rf6 16.
Nb5 Bd7 17. Qa6 Bc8 18. Qa4 Bd7 19. Qa6 Bc8 20. Qa4 {½-½ (20) Kandjolas,K 
(2031)-Poupalos,N (2107) Veliko Gradiste 2022}) 12. a4 Re8 {[%emt 0:01:53] White stays focused until the end.} 13. a5 a6 14. e4 Bb4 15. Qb3 Bc5 16. Na4 Bd4 17. Bb2 Bxb2 18. Qxb2 (18. Nxb2 Bd7 19. Nd3 (19. Qxb7 $2 Rb8 $19) 19... Rb8 $16)
18... h5 19. h4 Ng4 20. Ra3 f5 21. exf5 Bxf5 22. Nc5 {[%emt 0:02:08][%cal Ya4c5,Yc5e4,Ye4g5] Prevents e4.} (22. Qxb7
$6 e4 $16) 22... Qe7 23. Nce4 ({Less strong
is} 23. Nxb7 e4 24. c5 (24. f3 exf3 25. Nxf3 Rab8 $14) 24... Qf6 25. Qxf6 Nxf6
$18) 23... Rad8 24. Rb3 Bc8 25. Qc2 Nh8 26. Ng5 {[%emt 0:02:45] [#] Qh7+
would kill now.} Nf6 {[%emt 0:00:06] Against Qh7+} 27. Nde4 Rf8 (27... g6 $142 28. Nxf6+ Qxf6) 28. c5 {[%emt 0:01:14]
[%cal Yc4c5,Yc5c6,Yc6b7] Strongly threatening d6.} Nxe4 29.
Qxe4 g6 30. Rc1 Kg7 31. Re3 Rde8 $2 {[%emt 0:
01:36] [#]} (31... Nf7 32. Nxf7 Rxf7) 32. c6 $18 Nf7 33. cxb7 Bf5 34. Ne6+ Bxe6 35. dxe6 Qxe6 36.
Rxc7 Kh6 37. Rc6 Nd6 38. Qb4 Rd8 39. Rd3 {[%emt 0:
01:28] White mates.} Rxf2 40. Kxf2 Qf5+ 41. Ke2 e4 42. Rdxd6 Qg4+ 43. Kf1 {[%emt 0:00:00]
Weighted Error Value: White=0.09 (flawless) / Black=0.47} 1-0

[Event "44th Chess Olympiad Open 2022"]
[Site "Chennai"]
[Date "2022.08.03"]
[Round "6.16"]
[White "Flores, Diego"]
[Black "Onyshchuk, Volodymyr"]
[Result "0-1"]
[WhiteElo "2528"]
[BlackElo "2612"]
[Annotator "TA"]
[PlyCount "60"]
[EventDate "2022.??.??"]
[TimeControl "60"]

1. Nf3 Nf6 2. d4 g6 3. c4 Bg7 4. Nc3 O-O 5. e4 d6 6. Be2 c6 7. O-O e5 8. Be3 Na6 ({Black should play} 8... exd4 $1 $11 9. Nxd4 (9. Qxd4 Ng4 $15)
(9. Bxd4 Re8 $11) 9... Re8) 9. Rb1 {[%emt 0:09:09] E94: King's Indian:
Classical: 6 Be2 e5 7 0-0: Various Black 7th moves.} exd4 10.
Bxd4 (10. Qxd4 Ng4 11. Qd3 Nxe3 12. Qxe3 Re8 $15) 10... Re8 11. Nd2 {[%emt 0:03:18] The position is equal.} Nc5 12. f3 Ne6 {[%emt 0:09:50] [#]} (12... Nd5
{feels hotter.} 13. Nb3 Nxc3 14. bxc3 Na4) 13. Be3 $146 ({
Predecessor:} 13. Bf2 Nf4 14. Re1 Nxe2+ 15. Rxe2 Nh5 16. Nf1 Be6 17. Rd2 Bxc4
18. Rxd6 Qg5 19. Be3 {0-1 (62) Zhu,C (2503)-Kovalevskaya,E (2497) Groningen
1999}) 13... d5 14. cxd5 (14. exd5 {is more
complex.} cxd5 15. cxd5 Nxd5 16. Nxd5 Qxd5 17. Bc4) 14... cxd5 15. exd5 Nxd5 16. Nxd5 Qxd5 17. Bc4 Qe5 18. Re1 b5 19. Bf2 Qf5 20. g4 Qf4 21. Bd5 ({
Not} 21. Bxb5 $2 Rd8 22. Re4 (22. Be3 $2 Bd4 $19) 22... Qxd2 $19) 21... Rd8 22. Bxa8 (22. Re4 $11 {and White has nothing
to worry.} Rxd5 23. Rxf4 Nxf4 24. Be3) 22... Rxd2 $19 23. Qc1 Bd4 $1 {[%emt 0:02:26] Dancing on a razor blade.} 24. Qxc8+ $2 (24. Kh1 Bxf2 25. Rd1 (25. Qxc8+ $2 Nf8 $19) 25... Rxd1+ 26.
Qxd1) 24... Kg7 25. Rf1 Be5 $1 26. Bg3 Qe3+ 27.
Bf2 {[%emt 0:01:50] [#]} Qh6 (27... Ng5 $142 $1 {( -> ...Nh3+)
} 28. Qc3 Nh3+ 29. Kh1 {[#]} Rxf2 $1 30. Qxe5+ Qxe5 31. Rxf2 Nxf2+ 32. Kg1 Qe3)
28. f4 Nxf4 {[%emt 0:05:32] Black mates.} 29. h4 Nh3+ 30. Kg2 {[%emt 0:00:14] [#]} Qf4 $1 {[%emt 0:00:13]
Weighted Error Value: White=1.05/Black=0.26 (precise)} 0-1